 Dungeon Crawl Stone Soup version 0.28.0 (webtiles) character file.

Game seed: 12625586400277503489

13016 freelancePsychic the Fighter (level 11, 0/99 HPs)
             Began as a Demigod Enchanter on Feb 18, 2022.
             Killed from afar by a rime drake (20 damage)
             ... with a flash freeze
             ... in an ice cave.
             The game lasted 00:39:24 (14991 turns).

freelancePsychic the Fighter (Demigod Enchanter)   Turns: 14991, Time: 00:39:25

Health: 0/99       AC:  7    Str:  9    XL:     11   Next: 42%
Magic:  3/21       EV: 11    Int: 35    God:
Gold:   896        SH:  5    Dex: 14    Spells: 1/19 levels left

rFire   . . .      SeeInvis .   a - +0 dagger (venom)
rCold   . . .      Faith    .   i - +0 buckler
rNeg    + . .      Spirit   .   k - +0 troll leather armour {Pargi}
rPois   +          Reflect  .   (no helmet)
rElec   .          Harm     .   U - +0 cloak of Zeihuwaw {+Inv rPois rN+}
rCorr   .          Rampage  .   j - +0 pair of gloves
Will    +....                   T - +0 pair of boots
Stlth   +++.......              p - amulet of magic regeneration
HPRegen 1.06/turn               s - +6 ring of intelligence
MPRegen 0.57/turn               (no ring)

@: very slightly contaminated, studying Fighting
A: high MP 1, forlorn, divine attributes
a: Evoke Invisibility


You were in an ice cave.
You visited 1 branch of the dungeon, and saw 11 of its levels.
You also visited: Sewer, Bailey and Ice Cave.

You collected 896 gold pieces.

Inventory:

Hand Weapons
 a - a +0 dagger of venom (weapon)
 o - a +2 dagger
Missiles
 f - 22 poisoned darts (quivered)
 t - 6 throwing nets
 B - 29 javelins
Armour
 b - a +0 robe
 i - a +0 buckler (worn)
 j - a +0 pair of gloves (worn)
 k - a +0 troll leather armour (worn) {Pargi}
 v - a +2 cloak of preservation
 T - a +0 pair of boots (worn)
 U - the +0 cloak of Zeihuwaw (worn) {+Inv rPois rN+}
   (You found it on level 11 of the Dungeon)

   rPois:     It protects you from poison.
   rN:        It protects you from negative energy.
   +Inv:      It lets you turn invisible.
Jewellery
 p - an amulet of magic regeneration (around neck)
 s - a +6 ring of intelligence (left hand)
 u - an amulet of the acrobat
 I - a +6 ring of strength
 L - an amulet of guardian spirit
 R - a +6 ring of strength
 S - an amulet of regeneration
Wands
 e - a wand of digging (3)
 l - a wand of acid (8)
 A - a wand of flame (32) {@v2}
 E - a wand of iceblast (11)
 Q - a wand of mindburst (9) {@v3}
Scrolls
 c - a scroll of holy word
 m - 3 scrolls of immolation
 r - a scroll of fog
 w - 2 scrolls of vulnerability
 x - 5 scrolls of enchant armour
 y - 3 scrolls of teleportation {@r4}
 C - 2 scrolls of amnesia
 H - 3 scrolls of noise {unknown}
 N - a scroll of torment
 O - 2 scrolls of blinking
Potions
 d - 2 potions of attraction
 g - a potion of heal wounds {@q2}
 h - 2 potions of lignification
 n - 2 potions of cancellation
 q - 4 potions of curing {@q1}
 z - 2 potions of invisibility
 D - a potion of resistance
 F - a potion of berserk rage
 G - a potion of ambrosia
 J - a potion of flight {unknown}
 K - a potion of might {unknown}
 M - a potion of brilliance
 P - 2 potions of magic {unknown}


   Skills:
 - Level 10.0 Fighting
 - Level 5.0 Short Blades
 - Level 1.7 Dodging
 - Level 6.9 Stealth
 - Level 3.6 Shields
 - Level 4.6 Spellcasting
 * Level 6.2 Conjurations
 - Level 7.5 Hexes
 * Level 2.7 Necromancy
 * Level 4.7 Transmutations
 - Level 2.3 Ice Magic
 - Level 3.0 Air Magic


You had one spell level left.
You knew the following spells:

 Your Spells              Type           Power      Damage    Failure   Level
a - Ensorcelled Hibernat  Hex/Ice        84%        N/A       1%          2
b - Tukima's Dance        Hex            57%        N/A       1%          3
c - Anguish               Hex/Necr       22%        N/A       10%         4
d - Fulminant Prism       Conj/Hex       27%        3d14      4%          4
h - Irradiate             Conj/Tmut      23%        3d21      24%         5

Your spell library contained the following spells:

 Spells                   Type           Power      Damage    Failure   Level
 Animate Skeleton         Necr           54%        N/A       2%          1
 Apportation              Tloc           16%        N/A       9%          1
 Summon Small Mammal      Summ           32%        N/A       9%          1
 Confusing Touch          Hex            57%        N/A       1%          3
 Dazzling Flash           Conj/Hex       100%       N/A       1%          3
 Sublimation of Blood     Necr           27%        N/A       3%          2
 Portal Projectile        Hex/Tloc       68%        N/A       5%          3
 Blink                    Tloc           16%        N/A       12%         2
 Iskenderun's Mystic Bla  Conj/Tloc      30%        2d8       22%         4
 Animate Dead             Necr           13%        N/A       26%         4
 Petrify                  Tmut/Erth      24%        N/A       30%         4
 Blade Hands              Tmut           20%        N/A       32%         5
 Excruciating Wounds      Necr           13%        N/A       56%         5
 Lee's Rapid Deconstruct  Erth           4%         3d6*      92%         5
 Manifold Assault         Tloc           8%         N/A       92%         5
 Enfeeble                 Hex            28%        N/A       97%         7
 Haunt                    Necr/Summ      8%         N/A       100%        7
 Storm Form               Tmut/Air       17%        N/A       100%        7
 Borgnjor's Revivificati  Necr           13%        N/A       100%        8
 Infestation              Necr           13%        N/A       100%        8
 Necromutation            Tmut/Necr      17%        N/A       100%        8
 Death's Door             Necr           13%        N/A       100%        9


Dungeon Overview and Level Annotations

Branches:
Dungeon (11/15)            Temple (0/1) D:4           Sewer (visited)
 Bailey (visited)           IceCv (1/1)
   Lair: D:8-11         Orc: D:9-12

Shops:
D:6 (

Annotations:
D:4 Grinder
D:5 2 transporters, Dvallin's ghost, weakling FoDe
D:6 exclusion: zombie
D:9 exclusions: door, tengu warrior and wight
D:11 exclusion: oklob plant


Innate Abilities, Weirdness & Mutations

You have an increased reservoir of magic. (+10% MP)
You shall have no god before yourself.
Your divine heritage dramatically boosts your attributes as you level up.


Message History

You kill the rime drake!
The blast of energy engulfs the yak!!
You kill the yak!
The blast of energy engulfs the yak!
The yak is moderately wounded.
The blast of energy engulfs you!!
Your Conjurations skill increases to level 6!
You hit the death yak but do no damage.
The death yak is poisoned.
The death yak is moderately wounded.
The death yak gores you!!
The death yak is wracked by anguish!!
Casting: Anguish (dangerous; 11% risk of failure)
Confirm with . or Enter, or press ? or * to list all spells.
Aiming: Fulminant Prism (dangerous; 4% risk of failure)
Press: ? - help, Dir - move target You conjure a prism of explosive energy!
A fulminant prism comes into view.
The death yak gores you!
The death yak is wracked by anguish!
You block the polar bear's attack.
The polar bear claws you but does no damage.
The polar bear closely misses you.
You hit the death yak but do no damage.
The death yak looks as sick as possible!
The death yak is almost dead.
The death yak gores you!!
* * * LOW HITPOINT WARNING * * *
The death yak is wracked by anguish!!
The death yak dies!
The polar bear closely misses you.
The polar bear claws you but does no damage.
You block the polar bear's attack.
You feel better.
A rime drake comes into view.
Your fulminant prism crackles loudly.
The yak gores you.
* * * LOW HITPOINT WARNING * * *
The yak is wracked by anguish.
You block the polar bear's attack. The polar bear barely misses you.
The polar bear closely misses you. The rime drake breathes ice at you.
The flash freeze hits you!!
You die...

##..#
##.k.#
##...##
#...##
#...##
##*..#
##...##
##.Y.h.##
#...@...#
#.......#
##..∩..##
##...##
#####


You could see a polar bear, a yak (ally target, anguished), a rime drake
(catching breath) and a friendly fulminant prism.

Vanquished Creatures
  Harold (D:10)
  A two-headed ogre (D:10)
  A cyclops (D:11)
  A gargoyle (D:11)
  A rime drake (IceCv)
  A tengu conjurer (D:9)
  A troll (D:11)
  A hornet (D:10)
  Prince Ribbit (D:9)
  2 polar bears (IceCv)
  Sigmund (D:6)
  A wraith (D:11)
  9 yaks
  2 dancing weapons (D:8)
  Eustachio (D:4)
  2 steam dragons
  An acid dragon (D:11)
  2 water moccasins
  Pargi (Sewer)
  8 orc warriors
  A black bear (D:7)
  2 wolves (IceCv)
  8 centaurs
  3 kobold brigands
  2 bullfrogs
  Blork the orc (D:6)
  A scorpion (D:3)
  A wyvern skeleton (D:7)
  5 killer bees (D:9)
  5 wights
  5 centaur zombies
  2 bullfrog zombies (D:6)
  2 jellies
  A gnoll shaman (D:9)
  Crazy Yiuf (D:4)
  An orc priest (D:11)
  A bullfrog skeleton (D:5)
  2 iguanas (D:6)
  A centaur skeleton (D:7)
  8 orc wizards
  A howler monkey zombie (D:10)
  13 gnolls
  3 adders
  A howler monkey skeleton (D:6)
  2 shadow imps
  A white imp (D:8)
  2 ufetubi (D:3)
  3 worms
  3 dart slugs
  18 orcs
  8 bats
  8 endoplasms
  5 goblins
  10 hobgoblins
  9 jackals
  6 quokkas
  3 ball pythons
  3 frilled lizards
  20 kobolds
211 creatures vanquished.

Vanquished Creatures (collateral kills)
  A two-headed ogre (D:10)
  3 orc warriors
  9 centaurs
  An ogre (D:4)
  A kobold brigand (D:9)
  2 wights
  2 orc wizards
  2 gnolls (D:4)
  16 orcs (Bailey)
  A kobold (D:9)
38 creatures vanquished.

Vanquished Creatures (others)
  A death yak (IceCv)
  14 dancing weapons
  46 fulminant prisms
  3 plants (D:11)
  6 toadstools (D:2)
70 creatures vanquished.

Grand Total: 319 creatures vanquished

Notes
Turn   | Place    | Note
-------+----------+-------------------------------------------
     0 | D:1      | freelancePsychic the Demigod Enchanter began the quest for
                  | the Orb.
     0 | D:1      | Reached XP level 1. HP: 14/14 MP: 5/5
   827 | D:1      | Reached XP level 2. HP: 22/22 MP: 7/7
   830 | D:1      | Learned a level 2 spell: Ensorcelled Hibernation
  1359 | D:1      | Reached skill level 1 in Ice Magic
  1446 | D:1      | Reached skill level 1 in Fighting
  1633 | D:1      | Reached skill level 1 in Short Blades
  2051 | D:2      | Reached XP level 3. HP: 28/28 MP: 5/8
  3458 | D:3      | Noticed a scorpion
  3468 | D:3      | Killed a scorpion
  3469 | D:3      | Reached skill level 2 in Fighting
  3469 | D:3      | Reached XP level 4. HP: 18/36 MP: 5/9
  5144 | D:4      | Noticed Grinder
  5332 | D:4      | Noticed an ogre
  5674 | D:4      | Found a staircase to the Ecumenical Temple.
  5789 | D:4      | Reached XP level 5. HP: 42/42 MP: 7/10
  5870 | D:4      | Noticed Eustachio
  6358 | D:4      | Killed Eustachio
  6359 | D:4      | Reached skill level 3 in Fighting
  6359 | D:4      | Reached XP level 6. HP: 40/51 MP: 11/11
  6363 | D:4      | Learned a level 3 spell: Tukima's Dance
  6772 | D:4      | Found a runed translucent door.
  6773 | D:4      | Noticed Crazy Yiuf
  7194 | D:4      | Killed Crazy Yiuf
  7280 | D:5      | Entered Level 5 of the Dungeon
  7534 | D:5      | Found a transporter.
  7536 | D:5      | Noticed Dvallin's ghost (weakling FoDe)
  7537 | D:5      | Found a transporter.
  7771 | D:4      | Reached XP level 7. HP: 47/57 MP: 4/13
  8592 | D:6      | Found a glowing drain.
  8691 | Sewer    | Entered a sewer
  8754 | Sewer    | Noticed Pargi
  8769 | Sewer    | Killed Pargi
  9024 | D:6      | Found Wael Pell's Weapon Boutique.
  9047 | D:6      | Reached skill level 4 in Fighting
  9083 | D:6      | Noticed Blork the orc
  9119 | D:6      | Killed Blork the orc
  9175 | D:6      | Noticed Sigmund
  9258 | D:6      | Killed Sigmund
  9469 | D:6      | Reached XP level 8. HP: 64/67 MP: 14/16
  9625 | D:7      | Found a flagged portal.
  9635 | Bailey   | Entered a bailey
  9913 | Bailey   | Reached skill level 5 in Short Blades
  9913 | Bailey   | Reached skill level 5 in Stealth
  9913 | Bailey   | Reached skill level 5 in Hexes
 10307 | Bailey   | Reached XP level 9. HP: 49/73 MP: 11/19
 10308 | Bailey   | Reached skill level 5 in Fighting
 10843 | D:7      | Reached skill level 6 in Fighting
 10882 | D:7      | Reached skill level 1 in Conjurations
 11558 | D:7      | Learned a level 4 spell: Fulminant Prism
 11581 | D:7      | Reached skill level 7 in Fighting
 12447 | D:8      | Reached XP level 10. HP: 65/88 MP: 20/20
 12553 | D:9      | Noticed Prince Ribbit
 12563 | D:9      | Killed Prince Ribbit
 12564 | D:9      | Reached skill level 8 in Fighting
 12615 | D:9      | Noticed a tengu warrior
 12978 | D:9      | Reached skill level 1 in Shields
 13309 | D:9      | Noticed a yaktaur captain
 13346 | D:10     | Entered Level 10 of the Dungeon
 13422 | D:10     | Reached skill level 9 in Fighting
 13437 | D:10     | Noticed Harold
 13690 | D:10     | Killed Harold
 13691 | D:10     | Reached skill level 1 in Transmutations
 13691 | D:10     | Reached skill level 1 in Air Magic
 14122 | D:10     | Noticed a two-headed ogre
 14139 | D:10     | Killed a two-headed ogre
 14420 | D:11     | Noticed a cyclops
 14445 | D:11     | Killed a cyclops
 14464 | D:11     | Reached skill level 10 in Fighting
 14467 | D:11     | Reached XP level 11. HP: 52/99 MP: 15/21
 14543 | D:11     | Reached skill level 5 in Conjurations
 14570 | D:11     | Noticed a two-headed ogre
 14653 | D:10     | Learned a level 4 spell: Anguish
 14675 | D:10     | Killed a two-headed ogre
 14732 | D:10     | Learned a level 5 spell: Irradiate
 14821 | D:11     | Found a frozen archway.
 14823 | D:11     | Identified the +0 cloak of Zeihuwaw {+Inv rPois rN+}
 14866 | D:11     | Noticed a seven-headed hydra
 14867 | D:11     | Reached skill level 1 in Necromancy
 14927 | IceCv    | Entered an ice cave
 14972 | IceCv    | Noticed a death yak
 14990 | IceCv    | Killed a death yak
 14991 | IceCv    | Killed from afar by a rime drake

Illustrated notes

Levels and vault maps discovered:
D:1:      minmay_arrival_plants_in_alcoves, layout_basic,
          hellmonk_ecumenical_altar_lost_god
D:2:      layout_loops_corners, st_stairs_1, minmay_gold_behind_fungi,
          patterned_corridor
D:3:      layout_loops_ring, mainiacjoe_overflow_tiny_flanked, zin_treasury
D:4:      layout_loops_ring, mainiacjoe_overflow_alcove_2,
          grunt_temple_overflow_diamond, minmay_temple_entry_antechambers,
          uniq_crazy_yiuf_cottage, uniq_eustachio, uniq_grinder
D:5:      layout_loops_ring, marbit_many_paths, gammafunk_ghost_mausoleum,
          minmay_tree_intersection
D:6:      layout_basic, portal_sewer_entry_d, nicolae_stop_n_shop_2,
          kennysheep_windowed_goal, uniq_blork_the_orc, uniq_sigmund
D:7:      layout_loops_ring, mainiacjoe_overflow_24_doors, enter_bailey_6,
          kennysheep_diamond
D:8:      layout_rooms
D:9:      layout_roguey, evilmike_minifort, uniq_prince_ribbit1
D:10:     hellmonk_ruined_rings, layout_basic, uniq_harold
D:11:     layout_basic, dpeg_oklobed_lair, portal_ice_cave_entry_pillars_1,
          fedhas_altar_1
IceCv:    ice_cave_small_giant

Skill      XL: |  1  2  3  4  5  6  7  8  9 10 11 |
---------------+----------------------------------+-----
Hexes          | 3 4 5 6 7 |  7.5
Ice Magic      | 1 2 |  2.3
Fighting       | 1 2 3 4 7 10 | 10.0
Short Blades   | 1 2 3 4 5 |  5.0
Stealth        | 3 4 6 |  6.9
Spellcasting   | 2 3 4 |  4.6
Conjurations   | 3 4 6 |  6.2
Shields        | 3 |  3.6
Transmutations | 2 4 |  4.7
Air Magic      | 2 3 |  3.0
Necromancy     | 2 |  2.7
Dodging        | |  1.7

Action                   |  1- 3 |  4- 6 |  7- 9 | 10-12 || total
-------------------------+-------+-------+-------+-------++-------
Melee: Dagger            |   148 |   115 |   475 |   189 ||   927
       Punch             |     2 |     1 |    10 |     2 ||    15
 Cast: Ensorcelled Hiber |    34 |    49 |    66 |    40 ||   189
       Tukima's Dance    |       |     9 |    64 |    13 ||    86
       Fulminant Prism   |       |       |    16 |    31 ||    47
       Anguish           |       |       |       |     3 ||     3
Evoke: Wand              |       |     1 |     2 |       ||     3
  Use: Potion            |     4 |       |     1 |     1 ||     6
       Scroll            |       |       |    14 |     5 ||    19
 Stab: Sleeping          |    35 |    28 |    28 |    27 ||   118
       Invisible         |     1 |     1 |       |       ||     2
       Distracted        |       |       |     3 |       ||     3
Armor: Robe              |    35 |    29 |    28 |       ||    92
       Skin              |     2 |     1 |       |       ||     3
       Troll leather arm |       |       |   273 |    91 ||   364
Dodge: Dodged            |   110 |   124 |   325 |   116 ||   675
Block: Buckler           |       |       |       |    30 ||    30
